 Dungeon Crawl Stone Soup version 0.23-a0-539-g3f6f39f (webtiles) character file.

17544 tilp the Spear-Bearer (level 12, 0/92 HPs)
             Began as a Merfolk Ice Elementalist on Dec 7, 2018.
             Was a Priest of Makhleb.
             Slain by a wolf spider (6 damage)
             ... on level 3 of the Lair of Beasts.
             The game lasted 00:55:57 (18201 turns).

tilp the Spear-Bearer (Merfolk Ice Elementalist)   Turns: 18201, Time: 00:55:57

Health: 0/92       AC: 17    Str: 13    XL:     12   Next: 49%
Magic:  11/21      EV: 15    Int: 21    God:    Makhleb [***...]
Gold:   790        SH:  0    Dex: 14    Spells: 13/23 levels left

rFire    . . .     SeeInvis .   n - +0 trident
rCold    . . .     Gourm    .   (no shield)
rNeg     . . .     Faith    .   k - +0 troll leather armour
rPois    +         Spirit   .   b - +1 helmet
rElec    .         Reflect  .   r - +0 cloak
rCorr    .         Harm     .   u - +0 pair of gloves
MR       .....                  F - +0 pair of boots
Stlth    ++........             s - amulet of the acrobat
HPRegen  0.65/turn              g - ring "Niubliuni" {Str+3 Int+3}
MPRegen  0.17/turn              o - ring of poison resistance

@: icy armour
A: change form in water, swift swim, stealthy swim
a: Minor Destruction, Lesser Servant of Makhleb, Renounce Religion


You were on level 3 of the Lair of Beasts.
You worshipped Makhleb.
Makhleb was most pleased with you.
You were not hungry.

You visited 2 branches of the dungeon, and saw 14 of its levels.
You also visited: Ossuary.

You collected 790 gold pieces.

Inventory:

Hand Weapons
 n - a +0 trident (weapon)
 q - a +0 halberd
 D - a +0 vampiric glaive
Missiles
 d - 4 throwing nets
 e - 12 tomahawks (quivered)
Armour
 b - a +1 helmet (worn)
 k - a +0 troll leather armour (worn)
 p - a +1 leather armour of cold resistance
 r - a +0 cloak (worn)
 u - a +0 pair of gloves (worn)
 F - a +0 pair of boots (worn)
Jewellery
 a - an uncursed amulet of rage
 g - the ring "Niubliuni" (left hand) {Str+3 Int+3}
   (You found it on level 5 of the Dungeon)

   [ring of intelligence]

   It affects your strength (+3).
   It affects your intelligence (+3).
 j - an uncursed ring of protection from cold
 l - an uncursed ring of fire
 o - a ring of poison resistance (right hand)
 s - an amulet of the acrobat (around neck)
 C - the cursed ring "Sazesm" {rElec rF- rN+ Str-5}
   (You found it on level 7 of the Dungeon)

   [ring of strength]

   It affects your strength (-5).
   It makes you vulnerable to fire.
   It insulates you from electricity.
   It protects you from negative energy.
   It has a curse placed upon it.
 M - an uncursed ring of stealth {unknown}
Wands
 h - a wand of scattershot (5)
 x - a wand of enslavement (7)
 Q - a wand of paralysis (6)
Scrolls
 m - 3 scrolls of remove curse
 v - 2 scrolls of immolation {unknown}
 w - 3 scrolls of enchant armour {unknown}
 y - a scroll of amnesia
 A - a scroll of blinking {unknown}
 E - a scroll of fear {unknown}
 N - a scroll of acquirement {unknown}
 O - a scroll of magic mapping
 R - a scroll of holy word {unknown}
Potions
 f - a potion of resistance
 i - a potion of experience {unknown}
 t - 4 potions of cancellation
 z - 4 potions of brilliance
 B - 2 potions of heal wounds
 H - 2 potions of agility {unknown}
 I - 2 potions of lignification {unknown}
 J - a potion of curing
 P - a potion of degeneration {unknown}
Miscellaneous
 K - a fan of gales
 L - a lamp of fire (inert)
Comestibles
 c - 30 rations
 G - a chunk of flesh


   Skills:
 - Level 8.0 Fighting
 - Level 14.1 Polearms
 - Level 6.3 Dodging
 - Level 2.1 Stealth
 - Level 6.0 Spellcasting
 - Level 4.0 Conjurations
 - Level 4.0 Charms
 + Level 11.3 Ice Magic
 - Level 5.3 Invocations
 - Level 5.0 Evocations


You had 13 spell levels left.
You knew the following spells:

 Your Spells              Type           Power        Failure   Level  Hunger
a - Freeze                Ice            ####         1%          1    None
b - Throw Frost           Conj/Ice       #####.       1%          2    None
c - Ozocubu's Armour      Chrm/Ice       #####...     1%          3    ##.....
d - Throw Icicle          Conj/Ice       #####...     5%          4    ####...

Your spell library contained the following spells:

 Spells                   Type           Power        Failure   Level  Hunger
 Magic Dart               Conj           ###.         2%          1    None
 Searing Ray              Conj           ###...       3%          2    None
 Summon Ice Beast         Ice/Summ       ####....     12%         4    ####...
 Dazzling Spray           Conj/Hex       ##....       16%         3    ##.....
 Iskenderun's Mystic Bla  Conj           ###.....     24%         4    ####...
 Force Lance              Conj/Tloc      ##......     47%         4    ####...
 Fulminant Prism          Conj/Hex       ##........   47%         4    ####...


Dungeon Overview and Level Annotations

Branches:
Dungeon (10/15)              Lair (4/6) D:9          Shoals (0/4) Lair:2
 Spider (0/4) Lair:3
 Temple: D:4-7          Orc: D:9-12

Altars:
Ashenzari
Cheibriados
Dithmenos
Fedhas
Kikubaaqudgha
Makhleb
Nemelex Xobeh
Okawaru
Qazlal
Ru
Sif Muna
Trog
Vehumet
Xom
Yredelemnul

Shops:
D:7 =

Annotations:
D:5 1 runed door, Lavandula's ghost, amateur HaEn
D:7 Harold
D:10 Josephine
Lair:1 exclusion: oklob plant


Message History

You swap places.
The wolf spider hits your ynoxinul!
Your ynoxinul dies!
Your ufetubus disappears in a puff of smoke! x2
The jumping spider leaps!
Unknown command.
The jumping spider leaps!
Unknown command.
The wolf spider completely misses you. x2
Unknown command.
Casting: Freeze (safe; 1% risk of failure)
Confirm with . or Enter, or press ? or * to list all spells.
A film of ice covers your body!
The wolf spider is engulfed in blazing flames.
The wolf spider hits you!
The wolf spider bites you but does no damage.
The wolf spider is engulfed in blazing flames.
The wolf spider hits you!!
* * * LOW HITPOINT WARNING * * *
The wolf spider bites you.
You die...

...##,>,,###....# ##.....## #...
....#,,,,^.#....# #......# #...
....##,,^^^##...#####......####..
.....##,^^^.##s.4...........#....
......##,..^^##.§................
P.##.#.###^§§§§§.§..........#....
..###...#*##^.....#..s......#....
P## #...# ##..§s....P...........
.# ##..## #§§.@.#......P.......
### #...# #.....#.........#.P..
..# ##..## #.....#...........#..
### #P..## ###.............#....
.# ###...# ##..................
####.....# #....#..PP#...#.....
..##.#...######...............#..
........#....##..................
.................................


You could see a wolf spider, 2 jumping spiders and a friendly hellwing.

Vanquished Creatures
  3 hydras (Lair:2)
  Nergalle (Lair:2)
  A black mamba (Lair:1)
  2 spiny frogs
  3 komodo dragons
  A troll (D:9)
  5 hippogriffs
  14 blink frogs
  A snapping turtle (Lair:2)
  11 yaks
  A wyvern (Lair:2)
  A human (D:8)
  4 water moccasins
  5 porcupines
  4 orc warriors
  An ice beast (D:6)
  2 sky beasts (D:8)
  A black bear (D:8)
  A hornet zombie (D:7)
  A necrophage (D:7)
  5 centaurs
  3 ogres
  5 crocodiles
  A big kobold (D:8)
  11 bullfrogs
  A scorpion (D:6)
  21 killer bees
  2 electric eels (Lair:2)
  A howler monkey (D:5)
  9 jellies
  A crimson imp (D:9)
  A centaur zombie (D:7)
  5 orc priests
  2 bullfrog skeletons
  Crazy Yiuf (D:2)
  3 hounds
  An iguana (D:5)
  13 orc wizards
  8 worker ants
  A big kobold zombie (Ossuary)
  A hound zombie (Ossuary)
  A hound skeleton (D:7)
  10 gnolls
  A howler monkey zombie (D:6)
  13 adders
  2 shadow imps
  18 oozes
  An adder skeleton (D:5)
  5 adder zombies
  4 worms
  3 dart slugs
  3 leopard geckos
  42 orcs
  3 bat zombies (D:6)
  8 giant cockroaches
  7 goblins
  6 hobgoblins
  7 jackals
  7 quokkas
  3 ball pythons
  9 bats
  2 frilled lizards (D:2)
  3 goblin zombies (Ossuary)
  3 hobgoblin zombies (Ossuary)
  A jackal skeleton (D:8)
  7 jackal zombies (Ossuary)
  5 kobolds
  3 kobold zombies (Ossuary)
  A quokka zombie (D:5)
  9 rats
  6 rat zombies
  A butterfly (Lair:3)
  A plant (Lair:2)
354 creatures vanquished.

Vanquished Creatures (collateral kills)
  A hydra (Lair:2)
  Sonja (Lair:2)
  A torpor snail (Lair:2)
  A queen bee (Lair:1)
  A jumping spider (Lair:3)
  3 yaks (Lair:2)
  A basilisk (Lair:2)
  An electric eel (Lair:2)
  A fungus (Lair:2)
11 creatures vanquished.

Vanquished Creatures (others)
  11 fungi
  13 plants
24 creatures vanquished.

Grand Total: 389 creatures vanquished

Notes
Turn   | Place    | Note
-------+----------+-------------------------------------------
     0 | D:1      | tilp the Merfolk Ice Elementalist began the quest for the
                  | Orb.
     0 | D:1      | Reached XP level 1. HP: 13/13 MP: 3/3
   158 | D:1      | Reached XP level 2. HP: 12/19 MP: 0/5
   162 | D:1      | Learned a level 2 spell: Throw Frost
   883 | D:1      | Found a sparkling altar of Nemelex Xobeh.
   898 | D:1      | Reached XP level 3. HP: 24/24 MP: 3/6
   903 | D:1      | Learned a level 3 spell: Ozocubu's Armour
  1240 | D:2      | Reached skill level 5 in Ice Magic
  1479 | D:2      | Found a runed door.
  1578 | D:2      | You fall through a shaft for 2 floors!
  1624 | D:4      | Reached XP level 4. HP: 28/30 MP: 1/7
  1845 | D:4      | Reached XP level 5. HP: 31/35 MP: 1/8
  1933 | D:4      | Found a sand-covered staircase.
  1939 | Ossuary  | Entered an ossuary
  2209 | Ossuary  | Reached skill level 1 in Polearms
  2242 | Ossuary  | Reached skill level 2 in Polearms
  2784 | D:4      | Reached skill level 3 in Polearms
  3187 | D:2      | Reached skill level 4 in Polearms
  3195 | D:2      | Found a basalt altar of Yredelemnul.
  3286 | D:2      | Noticed Crazy Yiuf
  3292 | D:2      | Killed Crazy Yiuf
  3292 | D:2      | Reached XP level 6. HP: 30/41 MP: 3/9
  3409 | D:3      | Found a shimmering altar of Xom.
  3421 | D:3      | Reached skill level 5 in Polearms
  3611 | D:3      | Found a sacrificial altar of Ru.
  3878 | D:3      | Found a deep blue altar of Sif Muna.
  4155 | D:4      | Reached skill level 6 in Polearms
  4412 | D:5      | Entered Level 5 of the Dungeon
  4414 | D:5      | Noticed an orc warrior
  4868 | D:5      | Reached XP level 7. HP: 11/46 MP: 0/10
  5329 | D:5      | Reached skill level 7 in Polearms
  5785 | D:5      | Found a shadowy altar of Dithmenos.
  5981 | D:5      | Got a sparkling tin ring
  5982 | D:5      | Found a runed door.
  6095 | D:5      | Reached skill level 8 in Polearms
  6255 | D:5      | Noticed Lavandula's ghost (amateur HaEn)
  6366 | D:5      | Reached XP level 8. HP: 31/52 MP: 4/11
  6660 | D:6      | Identified the ring "Niubliuni" {Str+3 Int+3} (You found it
                  | on level 5 of the Dungeon)
  6703 | D:6      | Found a stormy altar of Qazlal.
  6793 | D:6      | Reached skill level 9 in Polearms
  7138 | D:6      | Reached skill level 10 in Polearms
  7185 | D:6      | Noticed a troll
  7415 | D:6      | Found a bloodstained altar of Trog.
  7511 | D:6      | Reached skill level 11 in Polearms
  7849 | D:6      | Found an ancient bone altar of Kikubaaqudgha.
  8213 | D:7      | Reached skill level 12 in Polearms
  8308 | D:7      | Reached XP level 9. HP: 38/57 MP: 5/12
  8538 | D:7      | Reached skill level 13 in Polearms
  8793 | D:7      | Got a faintly glowing copper ring
  8794 | D:7      | Identified the cursed ring "Sazesm" {rElec rF- rN+ Str-5}
                  | (You found it on level 7 of the Dungeon)
  8799 | D:7      | Found Obotain's Jewellery Boutique.
  8849 | D:7      | Noticed Harold
  9048 | D:7      | Found a burning altar of Makhleb.
  9073 | D:7      | Became a worshipper of Makhleb the Destroyer
  9136 | D:7      | Found a radiant altar of Vehumet.
  9138 | D:7      | Found a shattered altar of Ashenzari.
  9141 | D:7      | Found a snail-covered altar of Cheibriados.
  9255 | D:8      | Found a sparkling altar of Nemelex Xobeh.
  9256 | D:8      | Found a blossoming altar of Fedhas.
  9511 | D:8      | Reached skill level 14 in Polearms
  9518 | D:8      | Reached skill level 1 in Fighting
 10068 | D:8      | Reached skill level 5 in Dodging
 10074 | D:8      | Reached * piety under Makhleb
 10418 | D:8      | Reached XP level 10. HP: 71/72 MP: 7/13
 10801 | D:9      | Learned a level 4 spell: Throw Icicle
 10932 | D:9      | Reached skill level 5 in Fighting
 11091 | D:9      | Found a staircase to the Lair.
 11596 | D:9      | Found an iron altar of Okawaru.
 11601 | D:9      | Reached ** piety under Makhleb
 11657 | D:9      | Reached skill level 1 in Invocations
 12810 | D:10     | Entered Level 10 of the Dungeon
 12810 | D:10     | Noticed a two-headed ogre
 12839 | D:10     | Noticed a two-headed ogre
 12922 | D:10     | Noticed Josephine
 12970 | Lair:1   | Entered Level 1 of the Lair of Beasts
 13556 | Lair:1   | Reached XP level 11. HP: 73/86 MP: 10/18
 13672 | Lair:1   | Reached skill level 5 in Spellcasting
 13707 | Lair:1   | Noticed an oklob plant
 14182 | Lair:1   | Reached skill level 1 in Conjurations
 14331 | Lair:1   | Reached skill level 1 in Charms
 14377 | Lair:1   | Reached skill level 1 in Evocations
 14485 | Lair:1   | Reached *** piety under Makhleb
 15099 | Lair:2   | Noticed a six-headed hydra
 15101 | Lair:2   | Noticed a seven-headed hydra
 15291 | Lair:2   | Noticed Sonja
 15482 | Lair:2   | Found a staircase to the Shoals.
 15608 | Lair:2   | Noticed a five-headed hydra
 15625 | Lair:2   | Killed a five-headed hydra
 15625 | Lair:2   | Reached skill level 5 in Invocations
 15676 | Lair:2   | Noticed a six-headed hydra
 15696 | Lair:2   | Killed a six-headed hydra
 15815 | Lair:2   | Reached skill level 5 in Evocations
 16073 | Lair:2   | Killed a seven-headed hydra
 16141 | Lair:2   | You fall through a shaft for 2 floors!
 16181 | Lair:4   | Reached XP level 12. HP: 53/92 MP: 3/21
 17011 | Lair:2   | Noticed Nergalle
 17036 | Lair:2   | Killed Nergalle
 17036 | Lair:2   | Reached skill level 10 in Ice Magic
 17182 | Lair:2   | Killed Sonja
 17421 | Lair:2   | Killed a six-headed hydra
 18201 | Lair:3   | Slain by a wolf spider

Vault maps used:
D:1:      dpeg_arrival_shrine, minmay_misc_feat_tower, serial_park_tiny_pond,
          nemelex_diamond_rough_becter
D:2:      lemuel_coloured_pillars_altar, minmay_quadrilaterals,
          uniq_crazy_yiuf_cottage
D:3:      nicolae_ru_the_path_less_chosen, lemuel_round_altar, marbit_many_paths
D:4:      nicolae_ossuary_entry_plus
D:5:      kennysheep_little_box, first_ration, ebering_ghost_sewer_d
D:6:      lemuel_round_altar, lemuel_zombie_altar_kikubaaqudgha,
          kennysheep_mini_moat
D:7:      minmay_overflow_temple_star_quad, makhleb_blood_cavern_becter,
          minmay_temple_entry_nine_rooms, serial_shops, shop, minmay_between,
          uniq_harold
D:8:      gammafunk_temple_overflow_pools, grunt_pizzeria
D:9:      nicolae_overflow_crystal_walls, david_lair_shrubbed,
          grunt_ministairs_9
D:10:     basic_altar, uniq_josephine
Lair:1:   lemuel_slime, special_room
Lair:2:   minmay_lair_venomous_thicket, minmay_shoals_entry_hut,
          serial_bayou_lagoon_b, lemuel_fruit_fields, uniq_sonja, uniq_nergalle
Lair:3:   spider_nest_entry_funnel_web, lemuel_fruit_fields
Lair:4:   basic_altar, serial_bayou_shore_b, grunt_megastairs_2, uniq_urug
Ossuary:  minmay_ossuary_two_tombs

Skill      XL: |  1  2  3  4  5  6  7  8  9 10 11 12 |
---------------+-------------------------------------+-----
Ice Magic      | 4 5 6 7 8 11 | 11.3
Polearms       | 4 6 8 12 14 | 14.1
Fighting       | 4 8 |  8.0
Dodging        | 5 6 |  6.3
Invocations    | 4 5 |  5.3
Spellcasting   | 4 6 |  6.0
Conjurations   | 3 4 |  4.0
Charms         | 4 |  4.0
Evocations     | 5 |  5.0
Stealth        | |  2.1

Action                   |  1- 3 |  4- 6 |  7- 9 | 10-12 || total
-------------------------+-------+-------+-------+-------++-------
Melee: Unarmed           |     2 |       |       |       ||     2
       Whip              |     3 |       |       |       ||     3
       Dagger            |    18 |     2 |       |       ||    20
       Trident           |       |   224 |   363 |   617 ||  1204
       Tailslap          |       |       |       |     3 ||     3
Throw: Tomahawk          |       |       |     2 |     5 ||     7
 Cast: Freeze            |    53 |    68 |   144 |   221 ||   486
       Ozocubu's Armour  |       |     1 |     8 |    72 ||    81
       Throw Frost       |       |       |     9 |    45 ||    54
Invok: Lesser Servant of |       |       |       |     9 ||     9
Evoke: Wand              |       |       |       |    10 ||    10
       Lamp of fire      |       |       |       |     1 ||     1
  Use: Potion            |       |     1 |     3 |     2 ||     6
       Scroll            |       |       |     8 |     7 ||    15
 Stab: Sleeping          |     6 |     4 |     7 |     2 ||    19
       Distracted        |       |       |       |     2 ||     2
  Eat: Chunk             |     3 |     7 |    19 |    26 ||    55
       Ration            |       |     1 |     1 |     1 ||     3
Armor: Robe              |    13 |       |       |       ||    13
       Leather armour    |       |    76 |   123 |    37 ||   236
       Troll leather arm |       |       |       |   155 ||   155
Dodge: Dodged            |    40 |   174 |   256 |   495 ||   965

Table legend:
 A = Non-vault XP
 B = Vault XP
 C = Vault XP percentage of total XP
 D = Non-vault monster count
 E = Vault monster count
 F = Vault count percentage of total count
                 A         B        C        D         E       F
            +---------+---------+-------+---------+---------+-------
      Total |   20213 |    4851 |  19.4 |     259 |     103 |  28.5
            +---------+---------+-------+---------+---------+-------
        D:1 |      35 |       0 |   0.0 |      20 |       0 |   0.0
        D:2 |      34 |      50 |  59.5 |      14 |       6 |  30.0
        D:3 |     101 |       1 |   1.0 |      24 |       1 |   4.0
        D:4 |     200 |       0 |   0.0 |      16 |       0 |   0.0
        D:5 |     818 |       0 |   0.0 |      30 |       0 |   0.0
        D:6 |     770 |      12 |   1.5 |      25 |       7 |  21.9
        D:7 |     586 |     315 |  35.0 |       8 |       6 |  42.9
        D:8 |    1670 |     192 |  10.3 |      32 |       1 |   3.0
        D:9 |    1759 |     569 |  24.4 |      28 |       8 |  22.2
     Lair:1 |    5324 |    1517 |  22.2 |      26 |      39 |  60.0
     Lair:2 |    4421 |    1954 |  30.7 |      14 |       9 |  39.1
     Lair:3 |    3227 |     145 |   4.3 |      17 |       1 |   5.6
     Lair:4 |    1268 |      13 |   1.0 |       5 |       1 |  16.7
    Ossuary |       0 |      83 | 100.0 |       0 |      24 | 100.0
            +---------+---------+-------+---------+---------+-------
